TOP OF THE 1ST |
Tri-City Dust Devils batting - Pitching for Milwaukee (NYP) Brewers : RHP Zack Sharp
|
Pitching: RHP Zack Sharp
|
|
Batting: LHB Ramon Vega
|
0-0: Ground out U3 (Groundball, 3, EV 101.9 MPH)
|
Batting: LHB Phil Lerner
|
0-0: Called Strike 0-1: Ball 1-1: Called Strike 1-2: Ball 2-2: Foul Ball, location: 2F 2-2: Ball 3-2: Base on Balls
|
Batting: SHB Isaiah Scates
|
0-0: Called Strike Phil Lerner is caught stealing 2nd base 2-6 0-1: Ball 1-1: Ball 2-1: Foul Ball, location: 2F 2-2: Foul Ball, location: 2F 2-2: Ball 3-2: Strikes out looking
|
Top of the 1st over - 0 runs, 0 hits, 0 errors, 0 left on base; Tri-City 0 - Milwaukee (NYP) 0 |
BOTTOM OF THE 1ST |
Milwaukee (NYP) Brewers batting - Pitching for Tri-City Dust Devils : RHP Sean Fowler
|
Pitching: RHP Sean Fowler
|
|
Batting: RHB Jose Cerritos
|
0-0: Ball 1-0: Ball 2-0: Fly out, F7 (Flyball, 7D, EV 76.2 MPH)
|
Batting: SHB Jerry Duffy
|
0-0: Ball 1-0: Ball 2-0: Swinging Strike 2-1: SINGLE (Flyball, 5D, EV 99.4 MPH)
|
Batting: SHB Aaron Neill
|
0-0: Called Strike 0-1: Ground out 4-3 (Groundball, 34S, EV 83.1 MPH) Jerry Duffy to second
|
Batting: RHB Jeremy Harden
|
0-0: Called Strike 0-1: Ball 1-1: Ball 2-1: Called Strike 2-2: Foul Ball, location: 2F 2-2: Foul Ball, location: 2F 2-2: Fly out, F8 (Flyball, 89XD, EV 96.2 MPH)
|
Bottom of the 1st over - 0 runs, 1 hit, 0 errors, 1 left on base; Tri-City 0 - Milwaukee (NYP) 0 |
TOP OF THE 2ND |
Tri-City Dust Devils batting - Pitching for Milwaukee (NYP) Brewers : RHP Zack Sharp
|
Batting: RHB Eric McMillian
|
0-0: DOUBLE (Line Drive, 7LM, EV 95.6 MPH)
|
Batting: RHB Hector Fernandez
|
0-0: Called Strike 0-1: Ball 1-1: Ball 2-1: Foul Ball, location: 2F 2-2: Ball 3-2: Base on Balls
|
Batting: RHB Phil McFadden
|
0-0: Ball 1-0: Ball 2-0: Ball 3-0: Base on Balls Eric McMillian to third Hector Fernandez to second
|
Batting: RHB Frank Elizondo
|
0-0: Called Strike 0-1: Ball Wild Pitch! Eric McMillian scores Hector Fernandez to third Phil McFadden to second 1-1: Swinging Strike 1-2: Strikes out swinging
|
Batting: RHB Max Stillo
|
0-0: Called Strike 0-1: Fly out, F7 (Flyball, 7, EV 91.9 MPH)
|
Batting: RHB Oren Jones
|
0-0: Called Strike 0-1: Ball 1-1: Ball 2-1: SINGLE (Groundball, 6M, EV 104.4 MPH) (infield hit) Hector Fernandez scores Phil McFadden to third
|
Batting: LHB Ramon Vega
|
0-0: Ball 1-0: SINGLE (Groundball, 34D, EV 103.8 MPH) Phil McFadden scores Oren Jones to second
|
Batting: LHB Phil Lerner
|
0-0: Foul Ball, location: 2F 0-1: Ball 1-1: Foul Ball, location: 2F 1-2: Foul Ball, location: 2F 1-2: Fly out, F9 (Flyball, 9, EV 84.4 MPH)
|
Top of the 2nd over - 3 runs, 3 hits, 0 errors, 2 left on base; Tri-City 3 - Milwaukee (NYP) 0 |
BOTTOM OF THE 2ND |
Milwaukee (NYP) Brewers batting - Pitching for Tri-City Dust Devils : RHP Sean Fowler
|
Batting: SHB Sam Bingham
|
0-0: Called Strike 0-1: Ball 1-1: Ball 2-1: Foul Ball, location: 2F 2-2: Strikes out swinging
|
Batting: LHB Sal Burgos
|
0-0: Ball 1-0: Ground out 6-3 (Groundball, 4, EV 87.5 MPH)
|
Batting: LHB Umar Matoub
|
0-0: Foul Ball, location: 2F 0-1: Ball 1-1: Ball 2-1: Fly out, F9 (Flyball, 9S, EV 85.6 MPH)
|
Bottom of the 2nd over - 0 runs, 0 hits, 0 errors, 0 left on base; Tri-City 3 - Milwaukee (NYP) 0 |
TOP OF THE 3RD |
Tri-City Dust Devils batting - Pitching for Milwaukee (NYP) Brewers : RHP Zack Sharp
|
Batting: SHB Isaiah Scates
|
0-0: Ball 1-0: Called Strike 1-1: Ball 2-1: Ground out 5-3 (Groundball, 56S, EV 85.6 MPH)
|
Batting: RHB Eric McMillian
|
0-0: Called Strike 0-1: Ball 1-1: Ball 2-1: Fly out, F9 (Flyball, 9D, EV 86.2 MPH)
|
Batting: RHB Hector Fernandez
|
0-0: Called Strike 0-1: Foul Ball, location: 2F 0-2: Ball 1-2: Foul Ball, location: 2F 1-2: Fly out, F7 (Flyball, 7D, EV 83.8 MPH)
|
Top of the 3rd over - 0 runs, 0 hits, 0 errors, 0 left on base; Tri-City 3 - Milwaukee (NYP) 0 |
BOTTOM OF THE 3RD |
Milwaukee (NYP) Brewers batting - Pitching for Tri-City Dust Devils : RHP Sean Fowler
|
Batting: LHB Paul Collins
|
0-0: Ball 1-0: Foul Ball, location: 2F 1-1: Ball 2-1: Called Strike 2-2: Fly out, F8 (Line Drive, 8RS, EV 98.8 MPH)
|
Batting: RHB Dusty Bates
|
0-0: Fly out, F9 (Flyball, 9LSF, EV 86.9 MPH)
|
Batting: RHB Jose Cerritos
|
0-0: Swinging Strike 0-1: DOUBLE (Groundball, 5L, EV 105.0 MPH)
|
Batting: SHB Jerry Duffy
|
0-0: Foul Ball, location: 2F 0-1: Ground out 4-3 (Groundball, 4, EV 92.5 MPH)
|
Bottom of the 3rd over - 0 runs, 1 hit, 0 errors, 1 left on base; Tri-City 3 - Milwaukee (NYP) 0 |
TOP OF THE 4TH |
Tri-City Dust Devils batting - Pitching for Milwaukee (NYP) Brewers : RHP Zack Sharp
|
Batting: RHB Phil McFadden
|
0-0: Called Strike 0-1: Ball 1-1: Foul Ball, location: 2F 1-2: Ball 2-2: Foul Ball, location: 2F 2-2: Fly out, F6 (Popup, 15S, EV 93.1 MPH)
|
Batting: RHB Frank Elizondo
|
0-0: Foul Ball, location: 2F 0-1: Foul Ball, location: 2F 0-2: Ground out 6-3 (Groundball, 6, EV 93.1 MPH)
|
Batting: RHB Max Stillo
|
0-0: Ball 1-0: Called Strike 1-1: Ball 2-1: Foul Ball, location: 2F 2-2: Foul Ball, location: 2F 2-2: Ground out 5-3 (Groundball, 56, EV 84.4 MPH)
|
Top of the 4th over - 0 runs, 0 hits, 0 errors, 0 left on base; Tri-City 3 - Milwaukee (NYP) 0 |
BOTTOM OF THE 4TH |
Milwaukee (NYP) Brewers batting - Pitching for Tri-City Dust Devils : RHP Sean Fowler
|
Batting: SHB Aaron Neill
|
0-0: Called Strike 0-1: Swinging Strike 0-2: Strikes out swinging
|
Batting: RHB Jeremy Harden
|
0-0: SINGLE (Line Drive, 89S, EV 91.2 MPH)
|
Batting: SHB Sam Bingham
|
0-0: Ball 1-0: Foul Ball, location: 2F 1-1: Called Strike 1-2: Fly out, F8 (Flyball, 89D, EV 88.8 MPH)
|
Batting: LHB Sal Burgos
|
0-0: Called Strike 0-1: Foul Ball, location: 2F 0-2: Fly out, F9 (Line Drive, 89M, EV 95.6 MPH)
|
Bottom of the 4th over - 0 runs, 1 hit, 0 errors, 1 left on base; Tri-City 3 - Milwaukee (NYP) 0 |
TOP OF THE 5TH |
Tri-City Dust Devils batting - Pitching for Milwaukee (NYP) Brewers : RHP Zack Sharp
|
Batting: RHB Oren Jones
|
0-0: Ball 1-0: SINGLE (Groundball, 56S, EV 76.2 MPH) (infield hit)
|
Batting: LHB Ramon Vega
|
0-0: Fly out, F5 (Popup, 56S, EV 73.1 MPH)
|
Batting: LHB Phil Lerner
|
0-0: Called Strike 0-1: Ball 1-1: Ball Wild Pitch! Oren Jones to second 2-1: TRIPLE (Flyball, 8LXD, EV 100.6 MPH) Oren Jones scores
|
Batting: SHB Isaiah Scates
|
0-0: Intentional Walk
|
Batting: RHB Eric McMillian
|
0-0: SINGLE (Groundball, 56, EV 101.9 MPH) Phil Lerner scores Isaiah Scates to second
|
Pitching: LHP Richie van Wijngaarden
|
|
Batting: RHB Hector Fernandez
|
0-0: SINGLE (Line Drive, 56D, EV 106.2 MPH) Isaiah Scates to third Eric McMillian to second Runner from 3rd tries for Home, SAFE, throw by LF to home
|
Batting: RHB Phil McFadden
|
0-0: Ball 1-0: Foul Ball, location: 2F 1-1: Fielders Choice at 2nd, 1-4 (Groundball, 15S, EV 72.5 MPH) Eric McMillian to third
|
Batting: RHB Frank Elizondo
|
0-0: Called Strike 0-1: Ball 1-1: Called Strike 1-2: Strikes out swinging
|
Top of the 5th over - 3 runs, 4 hits, 0 errors, 2 left on base; Tri-City 6 - Milwaukee (NYP) 0 |
BOTTOM OF THE 5TH |
Milwaukee (NYP) Brewers batting - Pitching for Tri-City Dust Devils : RHP Sean Fowler
|
Batting: LHB Umar Matoub
|
0-0: Ball 1-0: Called Strike 1-1: Swinging Strike 1-2: Strikes out swinging
|
Batting: LHB Paul Collins
|
0-0: Swinging Strike 0-1: Foul Ball, location: 2F 0-2: Ball 1-2: Ground out 6-3 (Groundball, 6M, EV 96.2 MPH)
|
Batting: RHB Dusty Bates
|
0-0: Ball 1-0: Called Strike 1-1: Ball 2-1: Ball 3-1: Foul Ball, location: 2F 3-2: Ground out 5-3 (Groundball, 56S, EV 83.8 MPH)
|
Bottom of the 5th over - 0 runs, 0 hits, 0 errors, 0 left on base; Tri-City 6 - Milwaukee (NYP) 0 |
TOP OF THE 6TH |
Tri-City Dust Devils batting - Pitching for Milwaukee (NYP) Brewers : LHP Richie van Wijngaarden
|
Batting: RHB Max Stillo
|
0-0: Called Strike 0-1: Swinging Strike 0-2: Foul Ball, location: 2F 0-2: Strikes out swinging
|
Batting: RHB Oren Jones
|
0-0: Ground out 3-1 (Groundball, 13, EV 81.2 MPH)
|
Batting: LHB Ramon Vega
|
0-0: Ball 1-0: Ball 2-0: SINGLE (Line Drive, 89S, EV 96.9 MPH)
|
Batting: LHB Phil Lerner
|
0-0: Called Strike 0-1: Called Strike 0-2: Ball 1-2: Ball Ramon Vega steals 2nd, throwing error, E2 Ramon Vega to third 2-2: Ball 3-2: Fly out, F9 (Flyball, 9LS, EV 77.5 MPH)
|
Top of the 6th over - 0 runs, 1 hit, 1 error, 1 left on base; Tri-City 6 - Milwaukee (NYP) 0 |
BOTTOM OF THE 6TH |
Milwaukee (NYP) Brewers batting - Pitching for Tri-City Dust Devils : RHP Sean Fowler
|
Batting: RHB Jose Cerritos
|
0-0: Ball 1-0: Called Strike 1-1: Ball 2-1: Ball 3-1: Base on Balls
|
Batting: SHB Jerry Duffy
|
0-0: Called Strike Jose Cerritos steals 2nd base 0-1: Called Strike 0-2: Strikes out swinging
|
Batting: SHB Aaron Neill
|
0-0: Called Strike 0-1: Ball 1-1: DOUBLE (Line Drive, 9LM, EV 97.5 MPH) Jose Cerritos scores
|
Batting: RHB Jeremy Harden
|
0-0: Ball 1-0: Called Strike 1-1: Called Strike 1-2: Ball 2-2: Ball 3-2: Base on Balls
|
Batting: SHB Sam Bingham
|
0-0: Ball 1-0: Foul Ball, location: 2F 1-1: Fly out, F7 (Flyball, 7, EV 74.4 MPH)
|
Pitching: RHP Troy Conners
|
|
Batting: LHB Sal Burgos
|
0-0: Fly out, F7 (Flyball, 7S, EV 88.1 MPH)
|
Bottom of the 6th over - 1 run, 1 hit, 0 errors, 2 left on base; Tri-City 6 - Milwaukee (NYP) 1 |
TOP OF THE 7TH |
Tri-City Dust Devils batting - Pitching for Milwaukee (NYP) Brewers : LHP Richie van Wijngaarden
|
Batting: SHB Isaiah Scates
|
0-0: Called Strike 0-1: Ball 1-1: Swinging Strike 1-2: Ground out 1-3 (Groundball, 23, EV 70.0 MPH)
|
Batting: RHB Eric McMillian
|
0-0: Ground out 6-3 (Groundball, 6, EV 84.4 MPH)
|
Batting: RHB Hector Fernandez
|
0-0: Foul Ball, location: 2F 0-1: Called Strike 0-2: Ball 1-2: Foul Ball, location: 2F 1-2: Ball 2-2: SOLO HOME RUN (Flyball, 7D, EV 99.4 MPH), Distance : 372 ft
|
Batting: RHB Phil McFadden
|
0-0: Ball 1-0: Ball 2-0: SINGLE (Groundball, 56D, EV 106.2 MPH)
|
Batting: RHB Frank Elizondo
|
0-0: Ball 1-0: Ball 2-0: Called Strike 2-1: Swinging Strike 2-2: Fly out, F8 (Flyball, 78S, EV 80.0 MPH)
|
Top of the 7th over - 1 run, 2 hits, 0 errors, 1 left on base; Tri-City 7 - Milwaukee (NYP) 1 |
BOTTOM OF THE 7TH |
Milwaukee (NYP) Brewers batting - Pitching for Tri-City Dust Devils : RHP Troy Conners
|
Batting: LHB Umar Matoub
|
0-0: Swinging Strike 0-1: Foul Ball, location: 2F 0-2: Strikes out swinging
|
Batting: LHB Paul Collins
|
0-0: Foul Ball, location: 2F 0-1: Ball 1-1: Foul Ball, location: 2F 1-2: Ball 2-2: Foul Ball, location: 2F 2-2: Ball 3-2: Base on Balls
|
Batting: RHB Dusty Bates
|
0-0: Ball 1-0: Called Strike 1-1: Ball 2-1: Grounds into double play, 6-4-3 (Groundball, 6M, EV 84.4 MPH)
|
Bottom of the 7th over - 0 runs, 0 hits, 0 errors, 0 left on base; Tri-City 7 - Milwaukee (NYP) 1 |
TOP OF THE 8TH |
Tri-City Dust Devils batting - Pitching for Milwaukee (NYP) Brewers : LHP Richie van Wijngaarden
|
Batting: RHB Max Stillo
|
0-0: Ball 1-0: Ball 2-0: Ground out 4-3 (Groundball, 4, EV 85.6 MPH)
|
Batting: RHB Oren Jones
|
0-0: Fly out, F8 (Flyball, 8RS, EV 88.8 MPH)
|
Batting: LHB Ramon Vega
|
0-0: Ball 1-0: Foul Ball, location: 2F 1-1: Ball 2-1: Ball 3-1: Base on Balls
|
Batting: LHB Phil Lerner
|
0-0: Called Strike 0-1: Called Strike Ramon Vega steals 2nd base 0-2: Ground out U3 (Groundball, 3, EV 85.0 MPH)
|
Top of the 8th over - 0 runs, 0 hits, 0 errors, 1 left on base; Tri-City 7 - Milwaukee (NYP) 1 |
BOTTOM OF THE 8TH |
Milwaukee (NYP) Brewers batting - Pitching for Tri-City Dust Devils : RHP Troy Conners
|
Batting: RHB Jose Cerritos
|
0-0: Called Strike 0-1: Called Strike 0-2: Ball 1-2: Ball 2-2: Strikes out swinging
|
Batting: SHB Jerry Duffy
|
0-0: Ball 1-0: Ground out 5-3 (Groundball, 6, EV 97.5 MPH)
|
Batting: SHB Aaron Neill
|
0-0: Ball 1-0: Swinging Strike 1-1: Called Strike 1-2: Ball 2-2: Foul Ball, location: 2F 2-2: Strikes out looking
|
Bottom of the 8th over - 0 runs, 0 hits, 0 errors, 0 left on base; Tri-City 7 - Milwaukee (NYP) 1 |
TOP OF THE 9TH |
Tri-City Dust Devils batting - Pitching for Milwaukee (NYP) Brewers : LHP Richie van Wijngaarden
|
Pitching: RHP Eric Fragoso
|
|
Batting: SHB Isaiah Scates
|
0-0: Called Strike 0-1: Called Strike 0-2: Ball 1-2: Ball 2-2: Ground out 6-3 (Groundball, 6M, EV 90.0 MPH)
|
Batting: RHB Eric McMillian
|
0-0: Called Strike 0-1: Foul Ball, location: 2F 0-2: Ball 1-2: Ball 2-2: Ball 3-2: Foul Ball, location: 2F 3-2: Strikes out looking
|
Batting: RHB Hector Fernandez
|
0-0: Ball 1-0: Ground out 5-3 (Groundball, 56, EV 83.1 MPH)
|
Top of the 9th over - 0 runs, 0 hits, 0 errors, 0 left on base; Tri-City 7 - Milwaukee (NYP) 1 |
BOTTOM OF THE 9TH |
Milwaukee (NYP) Brewers batting - Pitching for Tri-City Dust Devils : RHP Troy Conners
|
Batting: RHB Jeremy Harden
|
0-0: Ball 1-0: Fly out, F9 (Line Drive, 9LM, EV 93.1 MPH)
|
Batting: SHB Sam Bingham
|
0-0: Ball 1-0: Foul Ball, location: 2F 1-1: Foul Ball, location: 2F 1-2: Foul Ball, location: 2F 1-2: Ball 2-2: Ball 3-2: Strikes out swinging
|
Batting: LHB Sal Burgos
|
0-0: Called Strike 0-1: Ball 1-1: Swinging Strike 1-2: Strikes out swinging
|
Bottom of the 9th over - 0 runs, 0 hits, 0 errors, 0 left on base; Tri-City 7 - Milwaukee (NYP) 1 |
|